 Dungeon Crawl Stone Soup version 0.28.0-53-g5a82cb258f (webtiles) character file.

Game seed: 7503452687432502480

0 MisterFreud the Covert (level 1, 0/23 HPs)
             Began as a Gnoll Delver on June 5, 2022.
             Slain by a phantom (3 damage)
             ... on level 6 of the Dungeon.
             The game lasted 00:01:06 (91 turns).

MisterFreud the Covert (Gnoll Delver)                 Turns: 91, Time: 00:01:06

Health: 0/23       AC:  3    Str: 11    XL:     1   Next: 0%
Magic:  1/1        EV: 13    Int:  9    God:
Gold:   0          SH:  0    Dex: 13    Spells: 0/0 levels left

rFire   . . .      SeeInvis .   a - +0 short sword
rCold   . . .      Faith    .   (no shield)
rNeg    . . .      Spirit   .   b - +0 leather armour
rPois   .          Reflect  .   (no helmet)
rElec   .          Harm     .   (no cloak)
rCorr   .          Rampage  .   (no gloves)
Will    .....                   (no boots)
Stlth   ++++......              (no amulet)
HPRegen 0.07/turn               (no ring)
MPRegen 0.07/turn               (no ring)

@: no status effects
A: fangs 1, strong nose, distributed training
a: no special abilities


You were on level 6 of the Dungeon.
You visited 1 branch of the dungeon, and saw 2 of its levels.

Inventory:

Hand Weapons
 a - a +0 short sword (weapon)
Armour
 b - a +0 leather armour (worn)
Wands
 g - a wand of digging (1)
Scrolls
 c - a scroll of fog
Potions
 f - a potion of haste


   Skills:
 + Level 6.4 Fighting
 + Level 4.4 Short Blades
 + Level 0.0 Long Blades
 + Level 0.0 Axes
 + Level 0.0 Maces & Flails
 + Level 0.0 Polearms
 + Level 0.0 Staves
 + Level 0.0 Slings
 + Level 0.0 Bows
 + Level 0.0 Crossbows
 + Level 0.0 Throwing
 + Level 0.0 Armour
 + Level 4.4 Dodging
 + Level 9.5 Stealth
 + Level 0.0 Shields
 + Level 0.0 Unarmed Combat
 + Level 0.0 Spellcasting
 + Level 0.0 Conjurations
 + Level 0.0 Hexes
 + Level 0.0 Summonings
 + Level 0.0 Necromancy
 + Level 0.0 Translocations
 + Level 0.0 Transmutations
 + Level 0.0 Fire Magic
 + Level 0.0 Ice Magic
 + Level 0.0 Air Magic
 + Level 0.0 Earth Magic
 + Level 0.0 Poison Magic
 + Level 0.0 Invocations
 + Level 0.0 Evocations


You couldn't memorise any spells.
You didn't know any spells.
Your spell library was empty.

Dungeon Overview and Level Annotations

Branches:
Dungeon (6/15)
 Temple: D:4-7

Altars:

Portals:
Sewer: D:6


Innate Abilities, Weirdness & Mutations

You have very sharp teeth.
Your uncanny sense of smell can sniff out nearby items.
Your experience applies equally to all skills.


Message History

The phantom hits you!
The phantom blinks!
You blink.
You hit the phantom.
The phantom is lightly damaged.
The phantom barely misses you.
You hit the phantom but do no damage.
The phantom is lightly damaged.
You hit the phantom but do no damage.
The phantom is lightly damaged.
The phantom closely misses you.
You hit the phantom but do no damage.
The phantom is lightly damaged.
The phantom hits you.
The phantom blinks!
You blink. 2 rats come into view.
An adder and a river rat come into view.
You barely miss the rat. The rat completely misses you. The phantom misses you.
You hit the rat.
The rat is severely wounded.
The rat bites you but does no damage. The phantom hits you.
The rat barely misses you. The river rat bites you.
* * * LOW HITPOINT WARNING * * *
As you read the scroll of fear, it crumbles to dust.
You assume a fearsome visage.
The adder looks frightened!
The adder hisses angrily.
The rat looks frightened! x2; The river rat looks frightened!
The phantom is unaffected.
The phantom barely misses you.
You enter the shallow water.
Moving in this stuff is going to be slow.
The phantom hits you but does no damage.
The phantom closely misses you.
You open the door.
A giant cockroach and 3 rats come into view.
The phantom hits you.
* * * LOW HITPOINT WARNING * * *
Found a glowing drain.
There is an open door here.
The helpless rat fails to defend itself.
You stick the rat like a pincushion!!!
You kill the rat!
The phantom hits you.
You die...

#,*
#..............
#r*
#.############.
#.#####.## ##
#.r......# #
#≈≈≈.....# #
#≈≈≈.....#
#≈≈≈≈≈≈..#
#+###W≈..#
#B≈r@≈≈≈.#
#r∩†#≈...#
#≈≈≈#≈.r.#
##########


You could see a phantom, a river rat (fleeing), a giant cockroach (asleep) and 2
rats.

Vanquished Creatures
  A rat (D:6)
1 creature vanquished.

Notes
Turn   | Place    | Note
-------+----------+-------------------------------------------
     0 | D:5      | Reached skill level 9 in Stealth
     0 | D:5      | MisterFreud the Gnoll Delver began the quest for the Orb.
     0 | D:5      | Reached XP level 1. HP: 23/23 MP: 1/1
    59 | D:6      | Noticed a phantom
    89 | D:6      | Found a glowing drain.
    91 | D:6      | Slain by a phantom

Illustrated notes

Levels and vault maps discovered:
D:5:      layout_rooms, kennysheep_little_box, minmay_overflow_temple_star_quad,
          temple_doors_e, uniq_pikel
D:6:      minmay_clustersquares, layout_loops_ring,
          mainiacjoe_overflow_tiny_flanked, portal_sewer_entry_e

Skill      XL: | |
---------------+-+-----
Stealth        | |  9.5
Fighting       | |  6.4
Short Blades   | |  4.4
Dodging        | |  4.4

Action                   || total
-------------------------++-------
Melee: Short sword       ||     7
Evoke: Wand              ||     2
  Use: Scroll            ||     2
 Stab: Sleeping          ||     1
Armor: Leather armour    ||     2
Dodge: Dodged            ||     7
